Map: Whispers of Gold

Players

Akri - Winner!

  • Race: Protoss Protoss
  • Spawn Location: 5:00

VOD

Have the link to the VOD?

Description

Time

  • Played on: Feb. 5, 2025, 2:32 p.m.
  • Length: 6:33
Show
View Real Time Build Order
Export as new Build Order

Akri Protoss - Winner!

Build Orders: 1 Gate Expand, Blink Stalkers, Zealot Archon 

Get SALT Encoding   

  12  0:03  Probe  
  12  0:15  Probe  
  12  0:18  Pylon  
  12  0:26  Probe  
  12  0:34  Probe  
  12  0:39  Gateway  
  12  0:42  Probe  
  12  0:49  Assimilator  
  12  0:53  Probe  
  12  1:05  Probe  
  12  1:18  Probe  
  12  1:26  Nexus  
  12  1:36  Cybernetics Core  
  12  1:41  Assimilator  
  12  1:44  Probe  
  12  1:55  Pylon  
  12  1:56  Probe  
  12  2:08  Probe  
  12  2:10  Stalker  
  12  2:13  Warp Gate  
  12  2:22  Probe  
  12  2:25  Twilight Council  
  12  2:31  Probe  
  12  2:33  Blink  
  12  2:34  Probe  
  12  2:37  Stalker  
  12  2:40  Probe  
  12  2:42  Probe  
  12  2:48  Probe  
  12  2:52  Probe  
  12  3:00  Probe  
  12  3:04  Probe  
  12  3:11  Stalker  
  12  3:12  Probe  
  12  3:16  Probe  
  12  3:20  Pylon  
  12  3:24  Probe  
  12  3:28  Probe  
  12  3:35  Robotics Facility  
  12  3:36  Probe  
  12  3:41  Assimilator, Probe  
  12  3:48  Probe  
  12  3:49  Gateway  
  12  3:53  Gateway, Probe  
  12  4:00  Probe  
  12  4:02  Stalker  
  12  4:06  Probe  
  12  4:08  Pylon  
  12  4:13  Probe  
  12  4:20  Nexus  
  12  4:24  Probe  
  12  4:26  Observer  
  12  4:31  Stalker  
  12  4:33  Charge  
  12  4:35  Pylon  
  12  4:36  Probe x2  
  12  4:46  Observer  
  12  4:48  Probe  
  12  4:50  Pylon  
  12  4:52  Robotics Facility  
  12  4:56  Templar Archives  
  12  4:57  Probe  
  12  5:00  Probe  
  12  5:02  Assimilator  
  12  5:03  Stalker  
  12  5:09  Stalker, Probe  
  12  5:12  Probe  
  12  5:16  Stalker  
  12  5:22  Probe  
  12  5:24  Immortal, Probe  
  12  5:34  Probe x2  
  12  5:35  Stalker  
  12  5:36  Probe  
  12  5:46  Probe  
  12  5:49  Probe x2  
  12  5:53  Gateway  
  12  5:54  High Templar, Gateway  
  12  5:55  Probe  
  12  5:56  Gateway  
  12  6:01  High Templar, Probe x2  
  12  6:05  Archon  
  12  6:08  Probe  
  12  6:13  Forge, Probe  
  12  6:17  Pylon  
  12  6:20  Pylon  
  12  6:23  Pylon  
Tags
 
Add a new tag
Caveats
  • Supply blocks, unpowered buildings, or Contaminate may cause inaccurate times.
  • Supply counts are checked every 10 seconds.